 Dungeon Crawl Stone Soup version 0.30-a0-618-gd6c86c23d0 (webtiles) character file.

Game seed: 15966091688657349775

2643 drugrobin the Martial Artist (level 9, 0/69 HPs)
             Began as a Demigod Delver on Jan 9, 2023.
             Slain by Erica
             ... wielding a +4 scimitar of flaming
              (14 damage)
             ... on level 8 of the Dungeon.
             The game lasted 00:20:22 (8539 turns).

drugrobin the Martial Artist (Demigod Delver)       Turns: 8539, Time: 00:20:23

Health: 0/69       AC:  6    Str: 17    XL:     9   Next: 13%
Magic:  6/11       EV: 22    Int: 12    God:
Gold:   247        SH:  0    Dex: 23    Spells: 2/8 levels left

rFire   . . .      SeeInvis .    b - +1 short sword (venom)
rCold   . . .      Faith    .    (no shield)
rNeg    . . .      Spirit   .    K - +0 steam dragon scales
rPois   .          Reflect  .    o - +0 helmet
rElec   .          Harm     .    (no cloak)
rCorr   .          Rampage  .    (no gloves)
Will    .....                    (no boots)
Stlth   +++                      (no amulet)
HPRegen 0.31/turn                N - +5 ring of evasion
MPRegen 0.12/turn                a - +5 ring of evasion

@: lethally poisoned (0 -> -3), very slightly contaminated
A: high MP 1, forlorn, divine attributes
a: no special abilities


You were on level 8 of the Dungeon.
You visited 1 branch of the dungeon, and saw 8 of its levels.

You collected 247 gold pieces.

Inventory:

Hand Weapons
 b - a +1 short sword of venom (weapon)
 d - a +3 hand axe of electrocution
Missiles
 n - 7 poisoned darts (quivered)
 F - a throwing net
Armour
 o - a +0 helmet (worn)
 C - a +0 chain mail
 K - +0 steam dragon scales (worn)
Magical Staves
 I - a staff of air
Jewellery
 a - a +5 ring of evasion (right hand)
 m - a ring of protection from cold
 v - a ring of ice
 J - a ring of willpower
 N - a +5 ring of evasion (left hand)
Wands
 c - a wand of polymorph (4)
 f - a wand of digging (9)
 x - a wand of paralysis (32)
 L - a wand of roots (9)
Scrolls
 j - a scroll of fog
 l - a scroll of teleportation {unknown}
 p - 2 scrolls of vulnerability {unknown}
 q - 3 scrolls of acquirement {unknown}
 r - a scroll of butterflies {unknown}
 s - 7 scrolls of identify {unknown}
 u - 2 scrolls of blinking {unknown}
 w - 2 scrolls of brand weapon {unknown}
 y - a scroll of enchant weapon {unknown}
 A - 2 scrolls of magic mapping
 B - a scroll of enchant armour {unknown}
 D - a scroll of immolation {unknown}
 E - a scroll of fear
Potions
 e - 3 potions of haste
 g - 2 potions of heal wounds {unknown}
 h - 3 potions of curing {unknown}
 i - 4 potions of degeneration {unknown}
 k - a potion of resistance {unknown}
 t - a potion of flight {unknown}
 z - a potion of berserk rage {unknown}
 G - 2 potions of attraction {unknown}
 H - a potion of mutation {unknown}
 M - a potion of lignification {unknown}


   Skills:
 - Level 3.1 Fighting
 - Level 1.7 Dodging
 - Level 4.5 Stealth
 * Level 10.6 Unarmed Combat
 + Level 2.6 Transmutations
 - Level 4.0 Evocations


You had 2 spell levels left.
You knew the following spells:

 Your Spells              Type           Power      Damage    Failure   Level
a - Beastly Appendage     Tmut           12%        N/A       12%         1
b - Wereblood             Tmut           6%         N/A       17%         2
c - Spider Form           Tmut/Pois      3%         N/A       52%         3

Your spell library contained the following spells:

 Spells                   Type           Power      Damage    Failure   Level
 Anguish                  Hex/Necr       0%         N/A       97%         4
 Animate Armour           Summ/Erth      0%         N/A       97%         4
 Leda's Liquefaction      Hex/Erth       0%         N/A       97%         4
 Blade Hands              Tmut           3%         N/A       97%         5
 Fireball                 Conj/Fire      0%         3d3       100%        5
 Iskenderun's Battlesphe  Conj           0%         2d6       100%        5
 Lee's Rapid Deconstruct  Erth           0%         3d4*      100%        5
 Conjure Ball Lightning   Conj/Air       0%         3x3d6     100%        6
 Iron Shot                Conj/Erth      0%         9d1       100%        6
 Statue Form              Tmut/Erth      2%         N/A       100%        6
 Enfeeble                 Hex            0%         N/A       100%        7
 Orb of Destruction       Conj           0%         9d5       100%        7


Dungeon Overview and Level Annotations

Branches:
Dungeon (8/15)             Temple (0/1) D:4
   Lair: D:8-11

Shops:
D:5 (   D:6 *

Annotations:
D:7 Menkaure
D:8 Erica


Innate Abilities, Weirdness & Mutations

You have an increased reservoir of magic. (+10% MP)
You shall have no god before yourself.
Your divine heritage dramatically boosts your attributes as you level up.


Message History

Casting: Spider Form (dangerous; 52% risk of failure)
Confirm with . or Enter, or press ? or * to list all spells.
You miscast Spider Form.
Nothing appears to happen.
Unknown command.
You hit something. Something barely misses you.
You hit something but do no damage. You punch something! Something hits you!
Something burns you.
Unknown command.
Unknown command.
You completely miss something.
You hear some strange, mumbled words.
A bolt of poison appears from out of thin air!
The bolt of poison hits you!
You are poisoned.
Unknown command.
Unknown command.
Unknown command.
Unknown command.
You completely miss something.
You feel very sick. Something hits you! Something burns you.
Unknown command.
Unknown command.
Unknown command.
You barely miss something.
You feel sick. Something completely misses you.
Unknown command.
Unknown command.
Okay, then.
You feel sick.
You see here a bullfrog corpse.
You hit something. Your punch misses something.
You feel sick. Something hits you!
* * * LOW HITPOINT WARNING * * *
Something burns you.
* * * LOW HITPOINT WARNING * * *
Unknown command.
Aiming: Fastroot
Press: ? - help, Shift-Dir - straight line The roots erupt in riotous growth!
You feel sick. Something hits you!
You die...

....##.##.....#
....#...###....###..... ....#.♣.#
#.[......... .. #...#
............# .. ##.##
.....[.....# ... #.# ..........#
.... ##### ##.## #####..........
....
#...###...###...#..##.....####..$
..♣..).._.....♣{@..##......#.....
#...###...###...#..............#.
##### ##.##.#####..............#.
#.###................#<...
##.##................##....
#...#.###............####..
#.♣.#.##..............# ##
#...#.###............##
##.##(..............##


There were no monsters in sight!

Vanquished Creatures
  Sigmund (D:4)
  3 yaks (D:7)
  A steam dragon (D:6)
  A water moccasin (D:5)
  Edmund (D:4)
  A black bear (D:5)
  3 ice beasts
  A centaur (D:7)
  6 bullfrogs
  A scorpion (D:5)
  A gnoll sergeant (D:6)
  A necrophage (D:6)
  A wight (D:8)
  2 howler monkeys
  2 hounds
  A jelly (D:6)
  2 orc priests
  An iguana (D:5)
  3 orc wizards
  7 gnolls
  5 adders
  4 shadow imps
  2 white imps (D:6)
  A worm (D:4)
  3 dart slugs
  20 orcs
  4 ball pythons
  13 endoplasms
  4 giant cockroaches
  8 hobgoblins
  8 jackals
  3 quokkas
  8 bats
  4 frilled lizards
  6 goblins
  11 kobolds
  6 rats
150 creatures vanquished.

Vanquished Creatures (others)
  A plant (D:4)
1 creature vanquished.

Grand Total: 151 creatures vanquished

Notes
Turn   | Place    | Note
-------+----------+-------------------------------------------
     0 | D:5      | drugrobin the Demigod Delver began the quest for the Orb.
     0 | D:5      | Reached XP level 1. HP: 18/18 MP: 3/3
    11 | D:5      | Noticed an ice beast
    18 | D:5      | Noticed a black bear
    67 | D:5      | Reached skill level 2 in Unarmed Combat
    97 | D:5      | Noticed an iguana
   332 | D:5      | Noticed a water moccasin
   758 | D:2      | Reached XP level 2. HP: 24/25 MP: 4/4
   948 | D:1      | Reached skill level 3 in Unarmed Combat
  1165 | D:1      | Reached XP level 3. HP: 30/30 MP: 5/5
  2340 | D:3      | Reached XP level 4. HP: 37/38 MP: 6/6
  2640 | D:3      | Reached skill level 4 in Unarmed Combat
  3284 | D:4      | Noticed Sigmund
  3295 | D:4      | Noticed Edmund
  3360 | D:4      | Killed Sigmund
  3361 | D:4      | Reached skill level 5 in Unarmed Combat
  3361 | D:4      | Reached skill level 1 in Evocations
  3361 | D:4      | Reached XP level 5. HP: 21/45 MP: 7/7
  3635 | D:4      | Killed Edmund
  3636 | D:4      | Reached XP level 6. HP: 16/51 MP: 8/8
  4181 | D:4      | Found a staircase to the Ecumenical Temple.
  4399 | D:5      | Reached skill level 6 in Unarmed Combat
  4636 | D:5      | Found Kijeasch's Weapon Emporium.
  5118 | D:5      | Killed a water moccasin
  5119 | D:5      | Reached XP level 7. HP: 44/57 MP: 9/9
  5356 | D:5      | Learned a level 1 spell: Beastly Appendage
  5360 | D:5      | Learned a level 3 spell: Spider Form
  5363 | D:5      | Learned a level 2 spell: Wereblood
  5382 | D:5      | Reached skill level 7 in Unarmed Combat
  5928 | D:6      | Reached skill level 8 in Unarmed Combat
  5928 | D:6      | Reached XP level 8. HP: 51/63 MP: 8/10
  6610 | D:6      | Reached skill level 9 in Unarmed Combat
  6739 | D:6      | Found Burapiah's Neck Hole.
  7319 | D:7      | Noticed Menkaure
  7532 | D:7      | Reached skill level 1 in Transmutations
  7877 | D:7      | Reached skill level 10 in Unarmed Combat
  8195 | D:8      | Noticed a two-headed ogre
  8275 | D:7      | Reached XP level 9. HP: 46/69 MP: 11/11
  8424 | D:8      | Noticed Erica
  8539 | D:8      | Slain by Erica

Illustrated notes

Levels and vault maps discovered:
D:1:      wander_arrival_desolate, layout_basic
D:2:      layout_loops_ring
D:3:      layout_loops_corners, old_standard_altar, st_stairs_5, minivault_26,
          hangedman_decor_riveting
D:4:      layout_cave_pods, nicolae_dithmenos_through_a_glass_darkly,
          minmay_temple_entry_poolview, grunt_decor_clamped,
          sigmund_edmund_badplayer
D:5:      layout_loops_corners, lemuel_crystal_altar, serial_shops,
          nicolae_shop_bloodbath_and_beyond, nicolae_elevator_lobby_plus
D:6:      layout_basic, mainiacjoe_overflow_alcove_1, serial_corexii_hall,
          chequers_hall_statues_wall_a, corexii_hall_statues_l,
          nicolae_shop_sticking_my_neck_out
D:7:      layout_loops_ring, uniq_menkaure
D:8:      layout_cave_pools, elyvilon_altar_1, ebering_ghost_inner_flame,
          uniq_erica, uniq_pikel

Skill      XL: |  1  2  3  4  5  6  7  8 |
---------------+-------------------------+-----
Unarmed Combat | 2 3 5 6 8 10 | 10.6
Fighting       | 3 |  3.1
Evocations     | 1 2 3 4 |  4.0
Transmutations | 2 |  2.6
Dodging        | |  1.7
Stealth        | |  4.5

Action                   |  1- 3 |  4- 6 |  7- 9 || total
-------------------------+-------+-------+-------++-------
Melee: Unarmed           |    69 |    66 |   119 ||   254
       Punch             |     3 |     6 |    18 ||    27
       Short sword       |    94 |    86 |   125 ||   305
       Kick              |       |       |    10 ||    10
       Headbutt          |       |       |     3 ||     3
Throw: Dart              |     1 |    10 |     9 ||    20
 Cast: Beastly Appendage |       |       |     4 ||     4
Evoke: Wand              |       |     1 |     6 ||     7
  Use: Scroll            |     2 |       |       ||     2
 Stab: Sleeping          |    11 |     3 |     3 ||    17
       Paralysed         |       |     3 |     3 ||     6
Armor: Leather armour    |     7 |       |       ||     7
       Ring mail         |    47 |    30 |    21 ||    98
       Steam dragon scal |       |       |    24 ||    24
Dodge: Dodged            |   105 |    71 |   144 ||   320

Table legend: (Time is in decaauts)
 A = Elapsed time spent in this place.
 B = Non-inter-level travel time spent in this place.
 C = Inter-level travel time spent in this place.
 D = Time resting spent in this place.
 E = Time spent auto-exploring this place.
 F = Levels seen in this place.
 G = Mean time per level.
                   A        B        C        D        E       F      G
               +--------+--------+--------+--------+--------+-----+--------+
         Total |   8489 |   7960 |    529 |    929 |   4907 |   8 | 1061.1 |
       Dungeon |   8489 |   7960 |    529 |    929 |   4907 |   8 | 1061.1 |
               +--------+--------+--------+--------+--------+-----+--------+

Top non-repeatable levels by time:
     D:5: 1804 daAuts
     D:4: 1462 daAuts
     D:6: 1336 daAuts
     D:7: 1237 daAuts
     D:3: 963 daAuts
     D:2: 811 daAuts
     D:1: 707 daAuts
     D:8: 167 daAuts
